 Dungeon Crawl Stone Soup version 0.28.0 (webtiles) character file.

Game seed: 80973917499232228

222 HallandMoats the Skirmisher (level 5, -3/42 HPs)
             Began as a Demonspawn Monk on Feb 7, 2022.
             Killed from afar by an orc wizard (10 damage)
             ... with a puff of flame
             ... on level 4 of the Dungeon.
             The game lasted 00:04:34 (3532 turns).

HallandMoats the Skirmisher (Demonspawn Monk)       Turns: 3532, Time: 00:04:35

Health: -3/42      AC:  5    Str: 11 (13) XL:     5   Next: 66%
Magic:  6/6        EV: 13    Int:  9 (12) God:
Gold:   131        SH:  0    Dex: 13 (15) Spells: 4/4 levels left

rFire   . . .      SeeInvis .     - Unarmed
rCold   . . .      Faith    .   (no shield)
rNeg    . . .      Spirit   .   a - +0 robe
rPois   .          Reflect  .   l - +0 helmet
rElec   .          Harm     .   (no cloak)
rCorr   .          Rampage  .   (no gloves)
Will    .....                   (no boots)
Stlth   ++........              (no amulet)
HPRegen 0.14/turn               (no ring)
MPRegen 0.10/turn               (no ring)

@: about to teleport
A: yellow scales 1, demonic touch 1
a: no special abilities


You were on level 4 of the Dungeon.
You visited 1 branch of the dungeon, and saw 4 of its levels.

You collected 131 gold pieces.

Inventory:

Hand Weapons
 b - the +1 hunting sling "Demonspawn's Bane" {speed, rPois rN+ Str+2}
   (You found it on level 2 of the Dungeon)

   Attacks with this weapon are significantly faster.
   Str:       It affects your strength (+2).
   rPois:     It protects you from poison.
   rN:        It protects you from negative energy.
Missiles
 e - 25 sling bullets
 i - 79 stones (quivered)
Armour
 a - a +0 robe (worn)
 l - a +0 helmet (worn)
 m - a +0 ring mail
Scrolls
 d - 2 scrolls of enchant weapon
 g - a scroll of fog {unknown}
 h - 3 scrolls of teleportation
Potions
 j - a potion of heal wounds {unknown}
 k - a potion of ambrosia {unknown}


   Skills:
 + Level 3.8 Fighting
 * Level 1.4 Slings
 + Level 2.0 Armour
 + Level 3.5 Dodging
 - Level 1.7 Stealth
 + Level 3.4 Unarmed Combat
 + Level 2.3 Invocations


You had 4 spell levels left.
You didn't know any spells.
Your spell library contained the following spells:

 Spells                   Type           Power      Damage    Failure   Level
 Freeze                   Ice            0%         1d3       38%         1
 Magic Dart               Conj           0%         1d3       38%         1
 Call Imp                 Summ           0%         N/A       52%         2
 Ensorcelled Hibernation  Hex/Ice        0%         N/A       52%         2
 Frozen Ramparts          Ice            0%         1d2       77%         3
 Mephitic Cloud           Conj/Pois/Air  0%         N/A       77%         3
 Spider Form              Tmut/Pois      0%         N/A       77%         3
 Anguish                  Hex/Necr       0%         N/A       99%         4
 Hailstorm                Conj/Ice       0%         3d3       99%         4


Dungeon Overview and Level Annotations

Branches:
Dungeon (4/15)
 Temple: D:4-7

Altars:
Nemelex Xobeh
Sif Muna
Trog
Vehumet
Xom
The Shining One

Annotations:
D:2 Terence
D:4 1 transporter


Innate Abilities, Weirdness & Mutations

You are partially covered in yellow scales. (AC +2)
Your touch may inflict minor irresistible damage on your foes.


Message History

The orc closely misses you.
You bump into the rock wall.
The orc closely misses you. The orc barely misses you.
The orc hits you with a +0 dagger. The orc hits you but does no damage.
You are now empty-handed.
The orc hits you with a +0 dagger. Something hits you.
You hit the orc.
You touch the orc.
You kill the orc!
The orc barely misses you. Something hits you. The orc barely misses you.
Something hits you.
Things that are here:
a +0 dagger; a +0 ring mail You closely miss the orc.
The orc hits you but does no damage.
You hear some strange, mumbled words.
You are more confused.
You bump into the rock wall.
The orc hits you with a +0 whip. Something hits you. The orc barely misses you.
Something hits you but does no damage.
There is an open door here.
You see here a +0 ring mail.
m - a +0 ring mail The orc hits you with a +0 whip.
* * * LOW HITPOINT WARNING * * *
You're too confused to move!
You are too confused!
It was a potion of degeneration.
There was something very wrong with that liquid.
You feel weakened.
You feel dopey.
You feel clumsy.
You feel less confused. The orc completely misses you.
It was a potion of curing.
You feel better. The orc closely misses you.
As you read the scroll of teleportation, it crumbles to dust.
You feel strangely unstable. The orc barely misses you.
A magic dart appears from out of thin air!
The magic dart hits you! The orc hits you with a +0 whip.
* * * LOW HITPOINT WARNING * * *
A puff of flame appears from out of thin air!
The puff of flame hits you!
You die...

.....(. ...(#
#)).# #...#
#.{.# #...# #
##'##.# #o.#.#
##@#.#
###...#####
#..........
#..........
#P..$
####..........
####+
#.......>#####
#.≈..
#.########
#.≈.. #.#
#.≈≈≈≈ #.#


You could see an orc.

Vanquished Creatures
  2 orc priests (D:4)
  Jessica (D:3)
  Robin (D:3)
  4 adders (D:2)
  A worm (D:2)
  A dart slug (D:1)
  6 orcs
  6 ball pythons
  10 endoplasms
  3 giant cockroaches
  18 goblins
  7 hobgoblins
  3 jackals (D:3)
  4 kobolds
  A quokka (D:3)
  4 bats
  A frilled lizard (D:3)
  5 rats
78 creatures vanquished.

Vanquished Creatures (others)
  A plant (D:2)
1 creature vanquished.

Grand Total: 79 creatures vanquished

Notes
Turn   | Place    | Note
-------+----------+-------------------------------------------
     0 | D:1      | HallandMoats the Demonspawn Monk began the quest for the
                  | Orb.
     0 | D:1      | Reached XP level 1. HP: 18/18 MP: 1/1
   179 | D:1      | Gained mutation: Your touch may inflict minor irresistible
                  | damage on your foes. [demonic ancestry]
   179 | D:1      | Reached XP level 2. HP: 14/24 MP: 2/2
   832 | D:1      | Reached skill level 1 in Armour
   832 | D:1      | Reached skill level 1 in Invocations
  1314 | D:2      | Gained mutation: You are partially covered in yellow
                  | scales. (AC +2) [demonic ancestry]
  1314 | D:2      | Reached XP level 3. HP: 29/29 MP: 3/3
  1649 | D:2      | Identified the +1 hunting sling "Demonspawn's Bane" {speed,
                  | rPois rN+ Str+2}
  1921 | D:2      | Reached XP level 4. HP: 24/35 MP: 5/5
  2036 | D:2      | Found a faded altar of an unknown god.
  2531 | D:3      | Found a bloodstained altar of Trog.
  2549 | D:3      | Noticed Robin
  2555 | D:3      | Killed Robin
  2698 | D:3      | Found a radiant altar of Vehumet.
  2701 | D:3      | Found a shimmering blue altar of Sif Muna.
  2703 | D:3      | Found a sparkling altar of Nemelex Xobeh.
  2708 | D:3      | Found a shimmering altar of Xom.
  2814 | D:3      | Noticed Jessica
  2819 | D:3      | Killed Jessica
  2820 | D:3      | Reached XP level 5. HP: 42/42 MP: 6/6
  2871 | D:3      | Noticed Terence
  3253 | D:3      | Reached skill level 1 in Slings
  3418 | D:4      | Found a transporter.
  3532 | D:4      | Killed from afar by an orc wizard

Illustrated notes

Levels and vault maps discovered:
D:1:      erik_arrival_blinker_ship, layout_basic
D:2:      layout_loops_cross, serial_forest, infiniplex_forest_lined_room_,
          infiniplex_forest_lined_corner, infiniplex_forest_clump_curved,
          infiniplex_forest_straight_5, basic_ecumenical_altar, minivault_25
D:3:      layout_rooms, nicolae_overflow_hallway_of_the_gods, uniq_robin,
          uniq_terence, uniq_jessica
D:4:      gammafunk_wand_slinger, layout_basic, hex_medium

Skill      XL: |  1  2  3  4  5 |
---------------+----------------+-----
Dodging        | 3 |  3.5
Armour         | 1 2 |  2.0
Invocations    | 1 2 |  2.3
Unarmed Combat | 3 |  3.4
Slings         | 1 |  1.4
Fighting       | |  3.8
Stealth        | |  1.7

Action                   |  1- 3 |  4- 6 || total
-------------------------+-------+-------++-------
Melee: Unarmed           |   130 |     3 ||   133
       Touch             |    18 |     1 ||    19
 Fire: Hunting sling     |       |   149 ||   149
  Use: Scroll            |       |     5 ||     5
       Potion            |       |     2 ||     2
 Stab: Sleeping          |     5 |       ||     5
Armor: Robe              |    20 |     9 ||    29
Dodge: Dodged            |    79 |    31 ||   110
